 Dungeon Crawl Stone Soup version 0.26.0-10-g1f06aea511 (webtiles) character file.

Game seed: 10973537141616645134

210 Borgoz the Slasher (level 5, 0/45 HPs)
             Began as a Ghoul Gladiator on Jan 18, 2021.
             Killed from afar by Grinder (8 damage)
             ... with a puff of flame
             ... on level 3 of the Dungeon.
             The game lasted 00:02:40 (2784 turns).

Borgoz the Slasher (Ghoul Gladiator)                Turns: 2784, Time: 00:02:41

Health: 0/45       AC:  8    Str: 18    XL:     5   Next: 88%
Magic:  4/4        EV:  9    Int:  9    God:
Gold:   245        SH:  7    Dex: 11    Spells: 4/4 levels left

rFire    . . .     SeeInvis .   a - +0 long sword
rCold    + . .     Faith    .   o - +0 kite shield
rNeg     + + +     Spirit   .   q - +0 ring mail
rPois    ∞         Reflect  .   c - +0 helmet
rElec    .         Harm     .   n - +0 cloak
rCorr    .         Rampage  .   p - +0 pair of gloves
Will     .....                  (no boots)
Stlth    +.........             s - amulet of the acrobat
HPRegen  0.00/turn              k - +6 ring of intelligence
MPRegen  0.09/turn              (no ring)

@: hasted, very quick
A: claws 1, cold resistance 1, negative energy resistance 3, inhibited
regeneration, torment resistance, unbreathing
a: no special abilities


You were on level 3 of the Dungeon.
You visited 1 branch of the dungeon, and saw 3 of its levels.

You collected 245 gold pieces.

Inventory:

Hand Weapons
 a - a +0 long sword (weapon)
Missiles
 d - 2 throwing nets (quivered)
Armour
 c - a +0 helmet (worn)
 n - a +0 cloak (worn)
 o - a +0 kite shield (worn)
 p - a +0 pair of gloves (worn)
 q - a +0 ring mail (worn)
Jewellery
 k - a +6 ring of intelligence (left hand)
 s - an amulet of the acrobat (around neck)
 t - an uncursed ring of fire
 u - an uncursed ring of ice
Scrolls
 b - a scroll of noise {unknown}
 e - 6 scrolls of identify {unknown}
 f - 2 scrolls of amnesia {unknown}
 h - a scroll of fear {unknown}
 i - 2 scrolls of magic mapping {unknown}
 j - 4 scrolls of remove curse {unknown}
Potions
 g - a potion of mutation {unknown}
 l - 2 potions of lignification {unknown}
 m - a potion of haste
 r - a potion of curing {unknown}


   Skills:
 + Level 3.2 Fighting
 * Level 4.0 Long Blades
 - Level 1.7 Throwing
 * Level 2.7 Armour
 + Level 3.3 Dodging


You had 4 spell levels left.
You didn't know any spells.
Your spell library contained the following spells:

 Spells                   Type           Power        Failure   Level
 Animate Skeleton         Necr           0%           99%         1
 Apportation              Tloc           0%           99%         1
 Corona                   Hex            0%           99%         1
 Summon Small Mammal      Summ           0%           99%         1


Dungeon Overview and Level Annotations

Branches:
Dungeon (3/15)

Altars:
Cheibriados

Annotations:
D:3 Grinder


Innate Abilities, Weirdness & Mutations

You thrive by killing the living.
You are immune to poison.
You have sharp fingernails.
Your flesh is cold resistant. (rC+)
You are immune to negative energy. (rN+++)
You do not regenerate when monsters are visible.
You are immune to unholy pain and torment.
You can survive without breathing.


Message History

You slash Grinder!
Grinder is heavily wounded.
Grinder zaps a wand.
The puff of flame hits you but does no damage.
Grinder struggles against the net.
You completely miss Grinder.
Grinder is heavily wounded.
Grinder struggles against the net.
The net rips apart, and Grinder comes free!
You hit Grinder.
Grinder is heavily wounded.
Grinder hits you.
* * * LOW HITPOINT WARNING * * *
Your shield prevents you from hitting Grinder.
Grinder is heavily wounded.
Grinder zaps a wand.
The puff of flame hits you.
* * * LOW HITPOINT WARNING * * *
It was a potion of haste.
You feel yourself speed up.
Grinder zaps a wand.
The puff of flame hits you!
You die...

..........#.>#.################
.........)..)..........
...............##..####
#########.#....##..#
#.#........# #.#....#...#
#.#........####.#
.......#5.......#
#...##.#@######## #... #.#.#
#.#. ..#)# #. #.#.# #.# #.# #.#
#.# ..#


You could see Grinder.

Vanquished Creatures
  An orc priest (D:2)
  An orc wizard (D:2)
  A hound zombie (D:3)
  4 adders
  2 oozes
  2 worms
  2 dart slugs
  9 orcs
  5 giant cockroaches
  9 hobgoblins
  14 jackals
  6 bats
  A frilled lizard (D:3)
  3 goblins
  8 kobolds
  9 rats
77 creatures vanquished.

Notes
Turn   | Place    | Note
-------+----------+-------------------------------------------
     0 | D:1      | Borgoz the Ghoul Gladiator began the quest for the Orb.
     0 | D:1      | Reached XP level 1. HP: 17/17 MP: 0/0
    65 | D:1      | Reached XP level 2. HP: 25/25 MP: 1/1
   168 | D:1      | Reached skill level 3 in Long Blades
   168 | D:1      | Reached skill level 1 in Armour
   323 | D:1      | Reached XP level 3. HP: 23/30 MP: 2/2
   539 | D:1      | You fall into a shaft and drop 1 floor!
  1028 | D:2      | Reached XP level 4. HP: 30/37 MP: 3/3
  1355 | D:2      | Reached XP level 5. HP: 41/45 MP: 4/4
  1473 | D:2      | Found a snail-covered altar of Cheibriados.
  1781 | D:2      | Found a faded altar of an unknown god.
  2761 | D:3      | Noticed Grinder
  2774 | D:3      | Reached skill level 4 in Long Blades
  2784 | D:3      | Killed from afar by Grinder

Illustrated notes

Levels and vault maps discovered:
D:1:      zaba_arrival_water, layout_rooms
D:2:      layout_loops_corners, kennysheep_slug_shrine,
          chequers_ecumenical_altar_lobes, st_stairs_8
D:3:      layout_basic, uniq_grinder

Skill      XL: |  1  2  3  4  5 |
---------------+----------------+-----
Long Blades    | 3 4 |  4.0
Armour         | 1 2 |  2.7
Dodging        | 3 |  3.3
Fighting       | 3 |  3.2
Throwing       | |  1.7

Action                   |  1- 3 |  4- 6 || total
-------------------------+-------+-------++-------
Melee: Long sword        |    91 |   195 ||   286
Throw: Throwing net      |       |     1 ||     1
  Use: Potion            |       |     1 ||     1
 Stab: Held in net/web   |       |     1 ||     1
Armor: Leather armour    |    27 |    49 ||    76
       Ring mail         |       |    41 ||    41
Dodge: Dodged            |    64 |   123 ||   187
Block: Kite shield       |       |    85 ||    85
       Rpst.: Long sword |    15 |    34 ||    49
